 Dungeon Crawl Stone Soup version 0.31-a0-596-g831eee08f1 (webtiles) character file.

Game seed: 9697680502951375403

1737 rjrrt the Cleaver (level 9, -2/79 HPs)
             Began as a Hill Orc Fighter on Aug 20, 2023.
             Slain by an ogre
             ... wielding a +0 giant spiked club
              (25 damage)
             ... on level 6 of the Dungeon.
             The game lasted 00:10:40 (4492 turns).

rjrrt the Cleaver (Hill Orc Fighter)                Turns: 4492, Time: 00:10:40

Health: -2/79      AC: 10    Str: 23    XL:     9   Next: 5%
Magic:  9/9        EV:  9    Int:  8    God:
Gold:   236        SH:  5    Dex: 10    Spells: 8/8 levels left

rFire   . . .        a - +0 war axe
rCold   . . .        c - +0 buckler
rNeg    . . .        s - +3 scale mail
rPois   .            (no helmet)
rElec   .            (no cloak)
rCorr   .            (no gloves)
SInv    .            (no boots)
Will    .....        (no amulet) Stlth
                     p - +4 ring of slaying
HPRegen 0.33/turn    (no ring)
MPRegen 0.11/turn

%: no passive effects
@: mighty
A: no striking features
a: no special abilities


You were on level 6 of the Dungeon.
You visited 1 branch of the dungeon, and saw 6 of its levels.
You also visited: Sewer.

You collected 236 gold pieces.

Inventory:

Hand Weapons
 a - a +0 war axe (weapon)
Missiles
 u - 5 boomerangs (quivered)
Armour
 c - a +0 buckler (worn)
 s - a +3 scale mail (worn)
Jewellery
 p - a +4 ring of slaying (left hand)
 q - a ring of fire
 y - the amulet "Caengir" {RegenMP +Inv}
   (You found it on level 5 of the Dungeon)

   [amulet of magic regeneration]

   RegenMP:   It increases your rate of magic regeneration.
   +Inv:      It lets you turn invisible.
Wands
 r - a wand of mindburst (26)
 A - a wand of flame (25)
 B - a wand of polymorph (9)
Scrolls
 b - a scroll of poison {unknown}
 g - 7 scrolls of identify {unknown}
 h - a scroll of blinking {unknown}
 j - 2 scrolls of vulnerability {unknown}
 l - a scroll of butterflies {unknown}
 t - a scroll of acquirement {unknown}
 v - a scroll of fog {unknown}
 w - a scroll of amnesia {unknown}
 x - a scroll of brand weapon {unknown}
 z - a scroll of teleportation {unknown}
 C - a scroll of noise {unknown}
Potions
 d - a potion of might
 e - 4 potions of curing
 f - 2 potions of attraction {unknown}
 i - 2 potions of ambrosia
 k - a potion of mutation {unknown}
 m - a potion of cancellation {unknown}
 n - a potion of resistance {unknown}
 o - 3 potions of enlightenment
 D - a potion of degeneration {unknown}


   Skills:
 + Level 7.0 Fighting
 * Level 9.7 Axes
 + Level 6.4 Armour
 + Level 6.4 Shields


You had 8 spell levels left.
You didn't know any spells.
Your spell library contained the following spells:

 Spells                   Type           Power      Damage    Failure   Level
 Apportation              Tloc           0%         N/A       77%         1
 Necrotise                Necr           0%         1d4       77%         1
 Summon Small Mammal      Summ           0%         N/A       77%         1
 Summon Guardian Golem    Hex/Summ       0%         N/A       98%         3
 Orb of Destruction       Conj           0%         9d5       100%        7
 Spellforged Servitor     Conj/Summ      0%         N/A       100%        7


Dungeon Overview and Level Annotations

Branches:
Dungeon (6/15)              Sewer (visited)
 Temple: D:4-7

Altars:
Cheibriados
Elyvilon
Ru
Sif Muna
Xom
Yredelemnul


Message History

The orc warrior hits you from afar with a +0 trident.
The scorpion stings you.
You slash the scorpion!
The scorpion is severely wounded.
The scorpion stings you but does no damage.
The orc warrior hits you from afar with a +0 trident!
Unknown command.
Unknown command.
You are too injured to fight recklessly!
You are too injured to fight recklessly!
Unknown command.
You are too injured to fight recklessly!
Unknown command.
You are too injured to fight recklessly!
Unknown command.
Unknown command.
Unknown command.
Unknown command.
Unknown command.
Unknown command.
You completely miss the scorpion.
The scorpion is severely wounded.
The scorpion stings you but does no damage.
The orc warrior hits you from afar with a +0 trident!
Unknown command.
You closely miss the scorpion.
The scorpion is severely wounded.
The scorpion closely misses you. You block the orc warrior's attack.
The scorpion completely misses you.
Unknown command.
You slice the scorpion!!
You kill the scorpion!
The orc warrior hits you from afar with a +0 trident!
* * * LOW HITPOINT WARNING * * *
Your Fighting skill increases to level 7!
Unknown command.
Unknown command.
You barely miss the ogre.
The ogre hits you with a +0 giant spiked club!!
You die...

#.....#.# .#### #.#
#.....#.# #...# ..# #
#....#..# . #...# ### #
#.......# ..###...# #
###.##.## #...O)Y# #
#....<# #....oo# #
####.## #.....o# ## #.# #
+##+##O# #. #.###. ##@.#
#. #..#..# ##...# #.
####### #.##...## ##
#.....# #..#..## #
#.######+##)##'#### # #.#
#......)..#.####### #
#.#####.8..8..8.#.......#
#
#.#...#.........#.#####.#
# #.#.#######'####### #.#
#


You could see an orc warrior, a sky beast, an ogre and an orc wizard.

Vanquished Creatures
  A water moccasin (D:5)
  2 sky beasts
  A black bear (D:6)
  An ogre (D:5)
  A kobold brigand (Sewer)
  2 phantoms
  Blork the orc (D:5)
  2 scorpions
  2 jellies (D:6)
  2 orc priests
  3 hounds
  A gnoll bouda (D:6)
  3 sleepcaps
  8 iguanas
  7 orc wizards
  A river rat (Sewer)
  6 adders
  A white imp (D:6)
  2 worms
  5 dart slugs
  23 orcs
  8 endoplasms
  A giant cockroach (D:3)
  6 goblins
  4 hobgoblins
  4 jackals
  A quokka (D:2)
  5 ball pythons
  6 bats
  8 frilled lizards
  8 kobolds
  8 rats
134 creatures vanquished.

Notes
Turn   | Place    | Note
-------+----------+-------------------------------------------
     0 | D:1      | rjrrt the Hill Orc Fighter began the quest for the Orb.
     0 | D:1      | Reached XP level 1. HP: 19/19 MP: 1/1
   107 | D:1      | Reached skill level 3 in Axes
   109 | D:1      | Reached XP level 2. HP: 27/27 MP: 2/2
   672 | D:2      | Reached XP level 3. HP: 29/33 MP: 3/3
   726 | D:2      | Found a shimmering altar of Xom.
  1219 | D:3      | Found a glowing drain.
  1224 | D:3      | Reached skill level 4 in Axes
  1224 | D:3      | Reached XP level 4. HP: 38/40 MP: 4/4
  1254 | Sewer    | Entered a sewer
  1329 | Sewer    | Noticed a kobold brigand
  1347 | Sewer    | Killed a kobold brigand
  1348 | Sewer    | Reached XP level 5. HP: 26/47 MP: 5/5
  1451 | Sewer    | Found a white marble altar of Elyvilon.
  1536 | D:3      | Reached skill level 5 in Axes
  1795 | D:3      | Found a shimmering blue altar of Sif Muna.
  1805 | D:3      | Reached XP level 6. HP: 52/55 MP: 6/6
  1959 | D:3      | You fall into a shaft and drop 1 floor!
  2066 | D:4      | Reached skill level 5 in Fighting
  2143 | D:4      | Reached skill level 6 in Axes
  2351 | D:4      | Reached XP level 7. HP: 51/61 MP: 7/7
  2538 | D:3      | Reached skill level 5 in Armour
  2547 | D:3      | Reached skill level 5 in Shields
  2872 | D:4      | Reached skill level 7 in Axes
  3023 | D:4      | Found a white marble altar of Elyvilon.
  3050 | D:5      | Entered Level 5 of the Dungeon
  3051 | D:5      | Noticed Blork the orc
  3107 | D:5      | Reached XP level 8. HP: 24/70 MP: 8/8
  3107 | D:5      | Killed Blork the orc
  3113 | D:5      | Reached skill level 8 in Axes
  3116 | D:5      | HP: 3/70 [iguana (6)]
  3395 | D:5      | Found a basalt altar of Yredelemnul.
  3414 | D:5      | Identified the amulet "Caengir" {RegenMP +Inv}
  3773 | D:5      | Found a snail-covered altar of Cheibriados.
  4001 | D:6      | Found a sacrificial altar of Ru.
  4058 | D:6      | Reached skill level 9 in Axes
  4350 | D:6      | Reached XP level 9. HP: 49/78 MP: 9/9
  4492 | D:6      | Slain by an ogre

Illustrated notes

Levels and vault maps discovered:
D:1:      arrival_zaba_pyramid, layout_rooms
D:2:      layout_rooms, basic_altar, minmay_stone_trees_small,
          dreamdust_princess_bridge, minmay_lizard_pond
D:3:      layout_basic, nicolae_overflow_hidden_temple,
          cheibrodos_sewer_entry_drain, roderic_serpentine_path
D:4:      layout_rooms, nicolae_elyvilon_temple_path, kennysheep_nondescript,
          sigmund_army
D:5:      layout_rooms, old_standard_altar, mainiacjoe_overflow_boulevard,
          uniq_blork_the_orc
D:6:      minmay_chambers_of_threes, layout_loops_corners, lemuel_tele_altar,
          minmay_temple_entry_nine_rooms, serial_shops,
          nicolae_shop_real_fake_doors

Skill      XL: |  1  2  3  4  5  6  7  8  9 |
---------------+----------------------------+-----
Axes           | 3 4 5 6 7 9 |  9.7
Fighting       | 4 5 6 7 |  7.0
Armour         | 4 5 6 |  6.4
Shields        | 4 5 6 |  6.4

Action                     |  1- 3 |  4- 6 |  7- 9 || total
---------------------------+-------+-------+-------++-------
  Melee: War axe           |   109 |   112 |   171 ||   392
    Use: Potion            |       |       |     3 ||     3
 Armour: Scale mail        |    50 |    44 |    86 ||   180
         Chain mail        |       |     7 |       ||     7
  Dodge: Dodged            |    60 |    43 |    71 ||   174
  Block: Buckler           |    25 |    22 |    35 ||    82

Table legend: (Time is in decaauts)
 A = Elapsed time spent in this place.
 B = Non-inter-level travel time spent in this place.
 C = Inter-level travel time spent in this place.
 D = Time resting spent in this place.
 E = Time spent auto-exploring this place.
 F = Levels seen in this place.
 G = Mean time per level.
                   A        B        C        D        E       F      G
               +--------+--------+--------+--------+--------+-----+--------+
         Total |   4615 |   4449 |    166 |    614 |   2164 |   7 |  659.3 |
       Dungeon |   4337 |   4171 |    166 |    544 |   2140 |   6 |  722.8 |
         Sewer |    277 |    277 |      0 |     70 |     23 |   1 |  277.0 |
               +--------+--------+--------+--------+--------+-----+--------+

Top non-repeatable levels by time:
     D:4: 981 daAuts
     D:3: 851 daAuts
     D:1: 684 daAuts
     D:6: 684 daAuts
     D:5: 573 daAuts
     D:2: 561 daAuts
   Sewer: 277 daAuts
